 Dungeon Crawl Stone Soup version 0.16-a0-1858-gba9b1e2 (webtiles) character file.

345 ztt the Grasshopper (level 6, -1/42 HPs)
             Began as a High Elf Warper on Nov 4, 2014.
             Was a Follower of Cheibriados.
             Slain by an orc
             ... wielding a +0 hand axe
              (4 damage)
             ... on level 3 of the Dungeon.
             The game lasted 00:10:38 (5183 turns).

ztt the Grasshopper (High Elf Warper)               Turns: 5183, Time: 00:10:38

Health: -1/42      AC:  6    Str: 12    XL:     6   Next: 32%
Magic:  15/15      EV: 10    Int: 20    God:    Cheibriados [*.....]
Gold:   268        SH:  0    Dex: 18    Spells: 3 memorised, 5 levels left

rFire  . . .     SeeInvis .     a - +1 falchion
rCold  . . .     Clarity  .     r - +0 ring mail
rNeg   . . .     SustAb   .     (no shield)
rPois  .         Gourm    .     (no helmet)
rElec  .         Spirit   .     u - +0 cloak
rCorr  .         Warding  .     (no gloves)
rMut   .         Stasis   .     (no boots)
MR     .....                    (no amulet)
Stlth  +.........               (no ring)
                                (no ring)

@: very slow, not resistant to hostile enchantments, very unstealthy
A: no striking features
a: Bend Time, Renounce Religion


You were on level 3 of the Dungeon.
You worshipped Cheibriados.
Cheibriados was aware of your devotion.
You were not hungry.

You visited 2 branches of the dungeon, and saw 5 of its levels.

You collected 268 gold pieces.

Inventory:

Hand weapons
 a - a +1 falchion (weapon)
Missiles
 e - 5 tomahawks of dispersal (quivered)
 m - 10 tomahawks
Armour
 b - a +0 leather armour
 r - a +0 ring mail (worn)
 u - a +0 cloak (worn)
Jewellery
 k - an uncursed ring of teleportation
Magical devices
 w - a wand of enslavement (7)
Scrolls
 d - a scroll of blinking
 g - a scroll of enchant weapon
 i - 2 scrolls of immolation
 s - 2 scrolls of teleportation
Potions
 h - a potion of restore abilities
 j - a potion of haste
 l - a potion of lignification {unknown}
 n - a potion of brilliance
 o - a potion of cancellation
 p - a potion of agility {unknown}
 t - a potion of flight
 v - a potion of beneficial mutation {unknown}
Books
 c - a book of Spatial Translocations

   Spells                             Type                      Level
   *Apportation                       Translocation                1
   *Blink                             Translocation                2
   Shroud of Golubria                 Charms/Translocation         2
   Portal Projectile                  Translocation                3
   Teleport Other                     Translocation                3
   Passage of Golubria                Translocation                4
 q - a Young Poisoner's Handbook

   Spells                             Type                      Level
   Sting                              Conjuration/Poison           1
   *Cure Poison                       Poison                       2
   Mephitic Cloud                     Conjuration/Poison/Air       3
   Olgreb's Toxic Radiance            Poison                       4
   Venom Bolt                         Conjuration/Poison           5
Comestibles
 f - 2 bread rations


   Skills:
 + Level 3.1 Fighting
 + Level 4.1 Long Blades
 + Level 1.1 Throwing
 + Level 2.6 Armour
 + Level 3.8 Dodging
 + Level 1.0 Stealth
 + Level 2.6 Spellcasting
 * Level 4.5 Translocations


You had 5 spell levels left.
You knew the following spells:

 Your Spells              Type           Power        Failure   Level  Hunger
a - Apportation           Tloc           ###.......   3%          1    None
b - Blink                 Tloc           N/A          6%          2    ##.....
c - Cure Poison           Pois           #.........   34%         2    ##.....


Dungeon Overview and Level Annotations

Branches:
Dungeon (4/15)             Temple (1/1) D:4

Altars:
Cheibriados
Elyvilon
Fedhas
Kikubaaqudgha
Makhleb
Trog


Message History

There is a stone staircase leading up here.
The orc hits you with a hand axe!
* * * LOW HITPOINT WARNING * * *
You climb upwards.
There is a stone staircase leading down here.
Unknown command.
Unknown command.
Unknown command.
You hit the orc.
The orc is moderately wounded.
The orc hits you with a hand axe.
* * * LOW HITPOINT WARNING * * *
You closely miss the orc.
The orc is moderately wounded.
The orc hits you with a hand axe.
* * * LOW HITPOINT WARNING * * *
You hit the orc but do no damage.
The orc is moderately wounded.
The orc hits you with a hand axe.
You die...

###.# #.# #.##.#..#
#........# ###.# #.#
#.....#.######...#..
.##.###.#
####.##.###.###...####.
>†......###......##
##....#......
###.###.........##
#...#####...
....#...#.....)..## ##.#[#
##.##
#####.#.....##.#..###(.#.#
#..#.
#.##.#..##.....#.#.#.####..#)
#.##.#...[..@.#.##.#...##..#.
#.##.##.#####o####.###.###.##
#.##.##.#####.####.# #.# #...
#.......##.....).#.###.# ###.
####.#####.......#..##.# ##
#.#####.......##.##.#
#.............##.##.#
#.#####.?...).##.##.#
#.#####.......##.#..#


You could see an orc.

Vanquished Creatures
  Blork the orc (D:4)
  A scorpion (D:4)
  A crimson imp (D:3)
  A hound (D:3)
  An orc priest (D:3)
  An orc wizard (D:4)
  3 adders
  A giant mite (D:4)
  A worm (D:3)
  2 giant geckos (D:1)
  8 orcs
  4 bats
  2 giant cockroaches
  8 hobgoblins
  4 quokkas
  3 giant newts
  9 goblins
  9 kobolds
  An orc skeleton (D:4)
  9 rats
70 creatures vanquished.

Notes
Turn   | Place    | Note
--------------------------------------------------------------
     0 | D:1      | ztt, the High Elf Warper, began the quest for the Orb.
     0 | D:1      | Reached XP level 1. HP: 14/14 MP: 4/4
   504 | D:1      | Noticed a big kobold
   506 | D:1      | Reached XP level 2. HP: 19/19 MP: 6/6
   608 | D:1      | Noticed a big kobold
   608 | D:1      | Noticed a big kobold
   612 | D:1      | Noticed a big kobold
   860 | D:1      | Reached skill level 4 in Translocations
  1158 | D:2      | Reached skill level 1 in Armour
  1316 | D:2      | Found a white marble altar of Elyvilon.
  1429 | D:2      | Reached XP level 3. HP: 24/24 MP: 8/8
  2696 | D:3      | HP: 1/25 [hobgoblin/club (2)]
  2840 | D:3      | Found a burning altar of Makhleb.
  3011 | D:3      | Learned a level 2 spell: Blink
  3150 | D:3      | Learned a level 2 spell: Cure Poison
  3177 | D:3      | Reached XP level 4. HP: 27/30 MP: 11/11
  3829 | D:3      | Reached XP level 5. HP: 34/36 MP: 12/12
  4087 | D:4      | Found a staircase to the Ecumenical Temple.
  4210 | Temple   | Entered the Ecumenical Temple
  4221 | Temple   | Became a worshipper of Cheibriados the Contemplative
  4274 | D:4      | Noticed Blork the orc
  4294 | D:4      | Killed Blork the orc
  4539 | D:4      | Reached skill level 1 in Stealth
  4539 | D:4      | Reached XP level 6. HP: 17/42 MP: 15/15
  4597 | D:4      | HP: 1/42 [quokka (3)]
  5051 | D:4      | Noticed an ogre
  5182 | D:3      | HP: 2/42 [orc/hand axe (4)]
  5183 | D:3      | Slain by an orc

Action                   |  1- 3 |  4- 6 || total
-------------------------+-------+-------++-------
Melee: Falchion          |   169 |   141 ||   310
  Use: Scroll            |    11 |     6 ||    17
       Potion            |     1 |     1 ||     2
 Stab: Sleeping          |       |     1 ||     1
  Eat: Chunk             |     5 |     5 ||    10
       Beef jerky        |     1 |       ||     1
       Royal jelly       |       |     1 ||     1
